AoeStats
← Metal

MegaRandom

509002870Analyzed
2v2 RM · 7d ago on Sep 25, 2026· 23m 46s· 4 players
Game mode
Random Map
Map size
Medium (4 player)
Population
200
Speed
Normal
Resources
Standard
Victory
Conquest
Starting age
Dark Age
Ending age
Imperial Age
RankedLock teamsTeams togetherTeam positionsShared explorationLock speedFull tech treeHidden civsTurbo modeCheats
Victory
Defeat
🇦🇷 Maya · Argentina
853
+14
🇦🇷 Danes · Argentina
811
+17
🇨🇦 Magyars · Canada
828
-16
🇨🇦 Varangians · Canada
809
-15
Baklawa
11:50 Feudal Age
12:49 Horse Collar
12:56 Double-Bit Axe
13:06 Double-Bit Axe
17:02 Wheelbarrow
16:12 Loom
18:12 Arson
17:49 Man-at-Arms
PriestDudeist
10:17 Loom
12:03 Feudal Age
21:53 Scale Barding Armor
25:13 Castle Age
Metal
3:12 Loom
13:47 Feudal Age
18:22 Castle Age
16:18 Fishing Lines
17:07 Double-Bit Axe
17:14 Gold Mining
18:05 Stone Mining
17:58 Horse Collar
18:33 Fletching
19:32 Bow Saw
20:20 Heavy Plow
21:22 Scale Mail Armor
22:55 Chain Mail Armor
BeRnY
3:35 Loom
10:35 Feudal Age
11:30 Man-at-Arms
11:57 Arson
12:37 Double-Bit Axe
21:50 Fletching
23:21 Forging
Connection lost

Rejoining the realm…

Still unreachable

The connection could not be restored.

Session expired

The server has moved on; the page needs a fresh start.